 Dungeon Crawl Stone Soup version 0.19-b1-5-gdc9fa9d (webtiles) character file.

90 PhynixH2O the Skirmisher (level 4, -1/37 HPs)
             Began as a Demonspawn Abyssal Knight on Oct 31, 2016.
             Was a Believer of Lugonu.
             Slain by a worker ant (6 damage)
             ... on level 3 of the Dungeon.
             The game lasted 00:09:48 (1404 turns).

PhynixH2O the Skirmisher (DsAK)                     Turns: 1404, Time: 00:09:48

Health: -1/37      AC:  9    Str: 14    XL:     4   Next: 32%
Magic:  5/5        EV: 12    Int: 13    God:    Lugonu [**....]
Gold:   142        SH:  0    Dex: 12    Spells: 0 memorised, 3 levels left

rFire  . . .     SeeInvis .     a - +1 falchion
rCold  . . .     Gourm    .     q - +0 leather armour
rNeg   . . .     Faith    .     (no shield)
rPois  .         Spirit   .     (no helmet)
rElec  .         Reflect  .     (no cloak)
rCorr  .         Harm     .     (no gloves)
MR     .....                    (no boots)
Stlth  +.........               (no amulet)
                                (no ring)
                                (no ring)

@: lethally poisoned (-1 -> -6), sanguine armour
A: sanguine armour 1
a: Depart the Abyss, Bend Space, Renounce Religion


You were on level 3 of the Dungeon.
You worshipped Lugonu.
Lugonu was pleased with you.
You were not hungry.

You visited 1 branch of the dungeon, and saw 4 of its levels.
You visited the Abyss 1 time.

You collected 142 gold pieces.

Inventory:

Hand Weapons
 a - a +1 falchion (weapon)
Armour
 q - a +0 leather armour (worn)
Scrolls
 d - a scroll of remove curse
 k - 2 scrolls of enchant armour {unknown}
 p - 2 scrolls of identify {unknown}
 r - a scroll of amnesia {unknown}
 s - a scroll of fear {unknown}
Potions
 e - a potion of agility {unknown}
 f - 3 potions of curing {unknown}
 j - a potion of invisibility {unknown}
 l - a potion of mutation {unknown}
Comestibles
 b - 2 chunks of flesh
 c - 2 bread rations
 i - 4 fruits
 m - a slice of pizza
 o - a beef jerky


   Skills:
 + Level 3.9 Fighting
 + Level 2.8 Long Blades
 - Level 1.7 Armour
 + Level 2.1 Dodging
 - Level 2.4 Invocations


You had 3 spell levels left.
You didn't know any spells.

Dungeon Overview and Level Annotations

Branches:
Dungeon (4/15)
 Temple: D:4-7

Altars:
Nemelex Xobeh

Annotations:
D:3 letownia's ghost, amateur GrFi


Innate Abilities, Weirdness & Mutations

When seriously injured, your bleeding wounds create armour. (AC +6)


Message History

The worker ant bites you but does no damage.
The leopard gecko bites you. The worker ant closely misses you.
The worker ant completely misses you. The leopard gecko closely misses you.
You closely miss the leopard gecko.
The leopard gecko is heavily wounded.
The worker ant misses you.
You riposte.
You slash the worker ant!
The worker ant is heavily wounded.
The worker ant barely misses you. The leopard gecko bites you.
* * * LOW HITPOINT WARNING * * *
You hit the leopard gecko.
You kill the leopard gecko!
Lugonu accepts your kill. The worker ant barely misses you.
The worker ant bites you.
* * * LOW HITPOINT WARNING * * *
You are lethally poisoned!
The worker ant poisons you! The worker ant barely misses you.
The worker ant misses you.
You riposte.
You closely miss the worker ant.
* * * LOW HITPOINT WARNING * * *
You feel sick. The worker ant bites you.
You die...

#.........#.....##.#
#.....##.##.....##..
##.......##.....###.
###.######.......##.
#......# #.....)....
#.###..# #.##.##.#..
#.###..# #.##....#..
#a##...# #.##.#..#.#
#..@#..###.##......#
##a###...#..(....###
##.#.##............
##.#####$......###
### #.####..#
#.##....#
##.############
#.##.##.#
.......)......#
#.##.##.#
.#.##.##.##.#>#
#......$#


You could see 2 worker ants.

Vanquished Creatures
  Jessica (D:3)
  2 oozes (D:1)
  2 dart slugs (D:2)
  A leopard gecko (D:3)
  2 orcs (D:3)
  3 giant cockroaches
  10 goblins
  6 hobgoblins
  A quokka (D:2)
  2 ball pythons (D:3)
  4 bats
  A frilled lizard (D:2)
  5 kobolds (D:1)
  7 rats
47 creatures vanquished.

Notes
Turn   | Place    | Note
-------+----------+-------------------------------------------
     0 | Abyss:1  | PhynixH2O the Demonspawn Abyssal Knight began the quest for the Orb.
     0 | Abyss:1  | Reached XP level 1. HP: 18/18 MP: 2/2
    45 | Abyss:1  | Noticed an iron imp
    47 | Abyss:1  | Noticed a chaos spawn
    47 | D:1      | Escaped the Abyss
   122 | D:1      | Reached * piety under Lugonu
   126 | D:1      | Gained mutation: When seriously injured, your bleeding wounds create armour. (AC +6) [demonic ancestry]
   126 | D:1      | Reached XP level 2. HP: 15/24 MP: 3/3
   344 | D:1      | Reached skill level 1 in Dodging
   372 | D:1      | Reached XP level 3. HP: 24/29 MP: 4/4
   952 | D:2      | Found a sparkling altar of Nemelex Xobeh.
  1133 | D:3      | Noticed Jessica
  1144 | D:3      | Killed Jessica
  1144 | D:3      | Reached ** piety under Lugonu
  1144 | D:3      | Reached XP level 4. HP: 27/37 MP: 5/5
  1308 | D:3      | Noticed letownia's ghost (amateur GrFi)
  1341 | D:4      | Noticed a phantom
  1386 | D:3      | You fall through a shaft!
  1404 | D:3      | Slain by a worker ant

Skill      XL: |  1  2  3 |
---------------+----------+-----
Long Blades    | 2 |  2.8
Dodging        | 1 2 |  2.1
Fighting       | |  3.9
Armour         | |  1.7
Invocations    | |  2.4

Action                   |  1- 3 |  4- 6 || total
-------------------------+-------+-------++-------
Melee: Falchion          |   114 |    11 ||   125
Invok: Depart the Abyss  |     1 |       ||     1
  Use: Scroll            |     2 |       ||     2
  Eat: Chunk             |     1 |     1 ||     2
Armor: Leather armour    |    28 |     3 ||    31
Dodge: Dodged            |    77 |    21 ||    98
       Rpst.: Falchion   |    24 |     7 ||    31
